 Dungeon Crawl Stone Soup version 0.21.0-3-g78d12a8 (webtiles) character file.

39 negitausen the Chopper (level 3, -1/33 HPs)
             Began as a Minotaur Berserker on Jan 13, 2018.
             Was a Believer of Trog.
             Slain by a gnoll
             ... wielding a +0 whip
              (3 damage)
             ... on level 2 of the Dungeon.
             The game lasted 00:05:10 (625 turns).

negitausen the Chopper (Minotaur Berserker)          Turns: 625, Time: 00:05:12

Health: -1/33      AC:  8    Str: 20 (22) XL:     3   Next: 26%
Magic:  2/2        EV:  7    Int:  1 (4)  God:    Trog [**....]
Gold:   88         SH:  2    Dex:  7 (9)  Spells: 2/2 levels left

rFire    . . .     SeeInvis .   a - +0 hand axe
rCold    + . .     Gourm    .   j - +0 buckler
rNeg     . . .     Faith    .   i - +0 chain mail
rPois    .         Spirit   .   (helmet restricted)
rElec    .         Reflect  .   (no cloak)
rCorr    .         Harm     .   (no gloves)
MR       +....                  (no boots)
Stlth    ..........             (no amulet)
HPRegen  0.11/turn              f - ring of protection from magic
MPRegen  0.08/turn              h - ring of protection from cold

@: very slightly contaminated
A: retaliatory headbutt, horns 2
a: Berserk, Trog's Hand, Burn Spellbooks, Renounce Religion


You were on level 2 of the Dungeon.
You worshipped Trog.
Trog was pleased with you.
You were not hungry.

You visited 1 branch of the dungeon, and saw 2 of its levels.

You collected 88 gold pieces.

Inventory:

Hand Weapons
 a - a +0 hand axe (weapon)
Missiles
 d - 33 sling bullets
Armour
 b - a +0 animal skin
 e - a +0 ring mail
 i - a +0 chain mail (worn)
 j - a +0 buckler (worn)
Jewellery
 f - a ring of protection from magic (left hand)
 h - a ring of protection from cold (right hand)
Wands
 k - a wand of digging (13)
Scrolls
 l - a scroll of remove curse
Potions
 g - a potion of flight
Comestibles
 c - 2 rations


   Skills:
 + Level 4.2 Fighting
 * Level 4.6 Axes
 + Level 2.5 Armour
 + Level 2.3 Dodging
 - Level 0.1 Stealth
 * Level 0.3 Shields


You had 2 spell levels left.
You didn't know any spells.

Dungeon Overview and Level Annotations

Branches:
Dungeon (2/15)

Altars:


Innate Abilities, Weirdness & Mutations

You reflexively headbutt those who attack you in melee.
You have a pair of horns on your head.


Message History

You closely miss the gnoll.
The gnoll is almost dead.
You float gracefully downwards.
The gnoll hits you from afar with a spear.
The gnoll hits you with a whip.
The gnoll hits you from afar with a halberd of freezing.
You hit the gnoll. Your headbutt misses the gnoll.
The gnoll is almost dead.
The gnoll hits you but does no damage.
You barely miss the gnoll.
The gnoll is almost dead.
The gnoll hits you with a whip!
* * * LOW HITPOINT WARNING * * *
You barely miss the gnoll.
The gnoll is almost dead.
The gnoll hits you but does no damage.
The gnoll hits you from afar with a spear.
* * * LOW HITPOINT WARNING * * *
The gnoll hits you with a whip.
You die...

*,,,.......*#......#
*,,,.......*#......#
*,,,.......*#......#
*,,,......g##......#
*,,,..[...g........#
**,,.#.#.####......#
*,**,,*,*###gg....#
*,**,,,,*#.g.######
***,**,**###@###
*****,,,*,,*##...#####
,,,.....,,,*#........##
,..,.....*,*#.........##
........#,,*#..........#
.........,*##.......[..#
.....##.#*##...........#
......#.###............#
.........##.#..........#


You could see 2 gnolls and a goblin.

Vanquished Creatures
  2 leopard geckos (D:1)
  2 bats
  5 giant cockroaches (D:1)
  4 goblins (D:1)
  4 hobgoblins
  5 jackals
  2 ball pythons
  2 frilled lizards (D:1)
  4 kobolds
  2 rats (D:1)
32 creatures vanquished.

Notes
Turn   | Place    | Note
-------+----------+-------------------------------------------
     0 | D:1      | negitausen the Minotaur Berserker began the quest for the Orb.
     0 | D:1      | Reached XP level 1. HP: 19/19 MP: 0/0
   137 | D:1      | Reached XP level 2. HP: 24/27 MP: 1/1
   467 | D:2      | Reached XP level 3. HP: 33/33 MP: 2/2
   476 | D:2      | Reached ** piety under Trog
   625 | D:2      | Slain by a gnoll

Skill      XL: |  1  2 |
---------------+-------+-----
Fighting       | 4 |  4.2
Axes           | 4 |  4.6
Armour         | |  2.5
Dodging        | |  2.3
Stealth        | |  0.1
Shields        | |  0.3

Action                   || total
-------------------------++-------
Melee: Hand axe          ||    79
       Headbutt          ||     3
  Use: Potion            ||     4
       Scroll            ||     5
 Stab: Sleeping          ||     1
Armor: Ring mail         ||    16
       Chain mail        ||    28
Dodge: Dodged            ||    34
Block: Buckler           ||     9
